 Dungeon Crawl Stone Soup version 0.21.1-72-gffa868e0fe (webtiles) character file.

1561 Gargoyl the Chopper (level 8, -1/68 HPs)
             Began as a Centaur Abyssal Knight on Aug 4, 2018.
             Was an Elder of Lugonu.
             Slain by Petkus's ghost (10 damage)
             ... on level 5 of the Dungeon.
             The game lasted 00:14:28 (8777 turns).

Gargoyl the Chopper (Centaur Abyssal Knight)        Turns: 8777, Time: 00:14:28

Health: -1/68      AC:  8    Str: 15    XL:     8   Next: 58%
Magic:  11/11      EV: 10    Int: 11    God:    Lugonu [****..]
Gold:   307        SH:  5    Dex: 11    Spells: 7/7 levels left

rFire    . . .     SeeInvis .   i - +2 hand axe (chop)
rCold    + . .     Gourm    .   b - +0 buckler
rNeg     . . .     Faith    .   d - +2 robe {rC+}
rPois    .         Spirit   .   g - +1 helmet
rElec    .         Reflect  +   (no cloak)
rCorr    .         Harm     .   (no gloves)
MR       .....                  (no barding)
Stlth    +.........             o - +2 amulet of reflection
HPRegen  0.21/turn              (no ring)
MPRegen  0.12/turn              (no ring)

@: very quick
A: large, hooves 3, deformed body, speed 2, tough skin 3
a: Depart the Abyss, Bend Space, Banish, Corrupt, Renounce Religion


You were on level 5 of the Dungeon.
You worshipped Lugonu.
Lugonu was greatly pleased with you.
You were not hungry.

You visited 1 branch of the dungeon, and saw 5 of its levels.
You visited the Abyss 1 time.

You collected 307 gold pieces.

Inventory:

Hand Weapons
 a - a +2 hand axe of flaming
 i - a +2 hand axe of chopping (weapon)
Missiles
 h - 5 javelins (quivered)
Armour
 b - a +0 buckler (worn)
 d - a +2 robe of cold resistance (worn)
 g - a +1 helmet (worn)
Jewellery
 o - a +2 amulet of reflection (around neck)
Wands
 l - a wand of iceblast (9)
 p - a wand of disintegration (19)
Scrolls
 e - a scroll of fear
 k - 5 scrolls of remove curse
 m - a scroll of immolation {unknown}
 q - 2 scrolls of teleportation
Potions
 f - a potion of magic
Comestibles
 c - 7 rations


   Skills:
 + Level 5.0 Fighting
 + Level 5.4 Axes
 + Level 1.6 Throwing
 * Level 3.6 Armour
 + Level 3.1 Dodging
 + Level 1.5 Shields
 * Level 5.1 Invocations


You had 7 spell levels left.
You didn't know any spells.

Dungeon Overview and Level Annotations

Branches:
Dungeon (5/15)
 Temple: D:4-7

Altars:
Xom

Annotations:
D:5 Petkus's ghost, novice HOFi


Innate Abilities, Weirdness & Mutations

You have hooves in place of feet.
Armour fits poorly on your strangely shaped body.
You cover ground very quickly.
You have extremely tough skin. (AC +3)


Message History

* * * LOW HITPOINT WARNING * * *
Petkus's ghost freezes you.
* * * LOW HITPOINT WARNING * * *
You hit Petkus's ghost but do no damage.
Petkus's ghost is severely damaged.
Petkus's ghost hits you but does no damage.
You hit Petkus's ghost.
Petkus's ghost is almost destroyed.
You block Petkus's ghost's attack.
You hit Petkus's ghost but do no damage.
Petkus's ghost is almost destroyed.
Petkus's ghost hits you but does no damage.
You hit Petkus's ghost.
You kick Petkus's ghost, but do no damage.
Petkus's ghost is almost destroyed.
Petkus's ghost hits you but does no damage.
You barely miss Petkus's ghost.
Petkus's ghost is almost destroyed.
Petkus's ghost hits you!
You die...

##..## #..# ##...##
##..## #).# #....##
##..## #.## #...... #..##
#..# ##..... ..## #..##
##.... .## #..g# #.... ##
###g## ##".## #### ###
##W## ##.#### #..####.###
##@## ##..# .>........#
#..# ###..## .#######..##
##.# ##...## ## ##..##
#..# ##...## #
##..####..# ##...## ### #
##........###...## ###.#
##)))......##....####...#
#
#.<)()..........###....##
##
#.)###.........###....##


You could see Petkus's ghost and 2 gnolls.

Vanquished Creatures
  The ghost of Silim the Chopper, an amateur NaBe of Trog (D:4)
  A phantom (D:4)
  3 ogres
  2 scorpions
  A crimson imp (D:5)
  An orc priest (D:4)
  A gnoll shaman (D:5)
  A hound (D:4)
  A jelly (D:5)
  2 orc wizards (D:4)
  An iguana (D:5)
  4 worker ants
  A hound zombie (D:5)
  39 gnolls
  2 adders (D:4)
  A shadow imp (D:3)
  An ooze (D:5)
  An adder zombie (D:5)
  3 worms
  A dart slug (D:1)
  2 leopard geckos
  13 orcs
  6 bats
  12 giant cockroaches
  8 goblins
  7 hobgoblins
  25 jackals
  8 kobolds
  4 quokkas
  A frilled lizard (D:5)
  8 rats
162 creatures vanquished.

Vanquished Creatures (others)
  2 starspawn tentacles (Abyss:1)
2 creatures vanquished.

Grand Total: 164 creatures vanquished

Notes
Turn   | Place    | Note
-------+----------+-------------------------------------------
     0 | Abyss:1  | Gargoyl the Centaur Abyssal Knight began the quest for the Orb.
     0 | Abyss:1  | Reached XP level 1. HP: 19/19 MP: 2/2
    47 | Abyss:1  | Found a corrupted altar of Lugonu.
    64 | Abyss:1  | Found a corrupted altar of Lugonu.
    75 | Abyss:1  | Noticed a tentacled starspawn
    96 | Abyss:1  | Noticed a large abomination
   111 | Abyss:1  | Noticed an insubstantial wisp
   111 | Abyss:1  | Noticed a large abomination
   113 | Abyss:1  | Noticed a phantasmal warrior
   117 | D:1      | Escaped the Abyss
   211 | D:1      | Reached * piety under Lugonu
   293 | D:1      | Reached XP level 2. HP: 25/26 MP: 3/3
   927 | D:1      | Reached XP level 3. HP: 31/31 MP: 4/4
  1073 | D:2      | Reached ** piety under Lugonu
  1370 | D:2      | Reached skill level 1 in Dodging
  1776 | D:3      | Reached XP level 4. HP: 36/38 MP: 6/6
  2879 | D:4      | Noticed Silim's ghost (amateur NaBe)
  3233 | D:4      | Reached XP level 5. HP: 23/45 MP: 7/7
  3764 | D:4      | Noticed a phantom
  4100 | D:4      | Killed a phantom
  4100 | D:4      | Reached XP level 6. HP: 43/52 MP: 8/8
  4206 | D:4      | Reached *** piety under Lugonu
  4734 | D:4      | Reached skill level 1 in Throwing
  5124 | D:5      | Entered Level 5 of the Dungeon
  5325 | D:5      | Found a shimmering altar of Xom.
  5381 | D:5      | Reached XP level 7. HP: 36/59 MP: 9/9
  6644 | D:5      | Noticed Petkus's ghost (novice HOFi)
  6907 | D:4      | Killed Silim's ghost
  6907 | D:4      | Reached skill level 1 in Shields
  6907 | D:4      | Reached XP level 8. HP: 18/67 MP: 11/11
  7742 | D:5      | Reached skill level 5 in Axes
  7751 | D:5      | Reached **** piety under Lugonu
  7814 | D:5      | HP: 5/100 [gnoll/whip (4)]
  7816 | D:5      | Reached skill level 5 in Invocations
  8236 | D:5      | Reached skill level 5 in Fighting
  8330 | D:5      | Noticed a skeletal warrior
  8777 | D:5      | Slain by Petkus's ghost

Skill      XL: |  1  2  3  4  5  6  7  8 |
---------------+-------------------------+-----
Axes           | 2 3 4 5 |  5.4
Dodging        | 1 2 3 |  3.1
Armour         | 2 3 |  3.6
Invocations    | 3 4 5 |  5.1
Fighting       | 4 5 |  5.0
Throwing       | 1 |  1.6
Shields        | 1 |  1.5

Action                   |  1- 3 |  4- 6 |  7- 9 || total
-------------------------+-------+-------+-------++-------
Melee: Hand axe          |   131 |   161 |   258 ||   550
       Kick              |    14 |    32 |    50 ||    96
Throw: Javelin           |       |    13 |     1 ||    14
Invok: Depart the Abyss  |     1 |       |       ||     1
       Banish            |       |       |     1 ||     1
  Use: Scroll            |     9 |     2 |     4 ||    15
       Potion            |       |     4 |     3 ||     7
  Eat: Chunk             |     1 |    11 |     7 ||    19
       Ration            |       |       |     1 ||     1
Armor: Robe              |    93 |    47 |    89 ||   229
       Skin              |       |     4 |    16 ||    20
Dodge: Dodged            |    75 |    72 |   108 ||   255
Block: Buckler           |       |    19 |    78 ||    97
       Reflection        |       |       |     3 ||     3
